 Dungeon Crawl Stone Soup version 0.22-a0-455-ga0624bf (webtiles) character file.

120 pk666 the Magician (level 4, -2/24 HPs)
             Began as a Deep Elf Fire Elementalist on June 5, 2018.
             Slain by an adder (4 damage)
             ... on level 2 of the Dungeon.
             The game lasted 00:05:57 (1167 turns).

pk666 the Magician (Deep Elf Fire Elementalist)     Turns: 1167, Time: 00:05:58

Health: -2/24      AC:  4    Str:  5    XL:     4   Next: 75%
Magic:  1/12       EV: 13    Int: 21    God:
Gold:   53         SH:  0    Dex: 15    Spells: 7/11 levels left

rFire    . . .     SeeInvis .   (no weapon)
rCold    . . .     Gourm    .   (no shield)
rNeg     . . .     Faith    .   l - +2 robe {Archmagi}
rPois    .         Spirit   .   (no helmet)
rElec    .         Reflect  .   (no cloak)
rCorr    .         Harm     .   (no gloves)
MR       .....                  (no boots)
Stlth    ++........             b - amulet of magic regeneration
HPRegen  0.08/turn              g - ring of wizardry
MPRegen  0.38/turn              (no ring)

@: lethally poisoned (-2 -> -3), flying, hasted, very quick
A: no striking features
a: no special abilities


You were on level 2 of the Dungeon.
You were not hungry.

You visited 1 branch of the dungeon, and saw 2 of its levels.

You collected 53 gold pieces.

Inventory:

Armour
 a - a +0 robe
 l - a +2 robe of the Archmagi (worn)
Jewellery
 b - an amulet of magic regeneration (around neck)
 g - a ring of wizardry (left hand)
 j - a +3 ring of slaying {unknown}
Scrolls
 d - 2 scrolls of fog {unknown}
 e - 2 scrolls of teleportation
 i - a scroll of remove curse
Comestibles
 c - a ration
 k - 9 chunks of flesh


   Skills:
 - Level 2.4 Dodging
 - Level 2.4 Stealth
 + Level 4.2 Spellcasting
 * Level 3.7 Conjurations
 + Level 4.1 Fire Magic


You had 7 spell levels left.
You knew the following spells:

 Your Spells              Type           Power        Failure   Level  Hunger
a - Flame Tongue          Conj/Fire      ####.        1%          1    None
c - Conjure Flame         Conj/Fire      ####....     2%          3    ###....

Your spell library contained the following spells:

 Spells                   Type           Power        Failure   Level  Hunger
 Fireball                 Conj/Fire      ####......   26%         5    ######.
 Throw Flame              Conj/Fire      ####..       1%          2    #......
 Sticky Flame             Conj/Fire      ####....     10%         4    ####...
 Inner Flame              Hex/Fire       ###.....     6%          3    ###....


Dungeon Overview and Level Annotations

Branches:
Dungeon (2/15)

Altars:


Message History

Aim: an adder You feel a surge of power!
The flame tongue misses the adder.
You feel sick. The adder bites you.
* * * LOW HITPOINT WARNING * * *
Casting: Flame Tongue (safe; 1% risk of failure)
Confirm with . or Enter, or press ? or * to list all spells.
Aiming: Flame Tongue (safe; 1% risk of failure)
Press: ? - help, Shift-Dir - straight line, f/p - adder
Aim: an adder You feel a surge of power!
The flame tongue misses the adder.
The adder closely misses you. The adder bites you but does no damage.
It was a potion of flight.
You feel very buoyant.
You fly up into the air.
You feel yourself speed up.
* * * LOW HITPOINT WARNING * * *
You feel sick. The adder bites you but does no damage.
The adder closely misses you.
It was a potion of haste.
You feel yourself speed up. The adder bites you.
You die...

.# #.#####.##.##### .#
#..............#
.#########.......###.#
...........##..#####.#
############..)<.....#
#...####### #..)#..
####...#.# #
#......#@#####....
#........S())).#
#......#.####### #
##..#...#.#####>.gg
##...#...........g..
#..........#######g.
##...#........#
##.<###...##.# #..#
###.# #


You could see an adder.

Vanquished Creatures
  Natasha (twice) (D:2)
  Robin (D:2)
  An adder (D:2)
  2 worms (D:2)
  2 dart slugs (D:1)
  2 leopard geckos
  A ball python (D:1)
  2 bats
  2 giant cockroaches (D:1)
  13 goblins
  4 hobgoblins
  3 kobolds (D:1)
  2 frilled lizards
  A rat (D:1)
38 creatures vanquished.

Notes
Turn   | Place    | Note
-------+----------+-------------------------------------------
     0 | D:1      | pk666 the Deep Elf Fire Elementalist began the quest for the Orb.
     0 | D:1      | Reached XP level 1. HP: 10/10 MP: 6/6
   181 | D:1      | Reached XP level 2. HP: 12/15 MP: 6/8
   924 | D:2      | Reached XP level 3. HP: 19/19 MP: 5/10
  1054 | D:2      | Noticed Robin
  1070 | D:1      | Learned a level 3 spell: Conjure Flame
  1136 | D:2      | Noticed Natasha
  1141 | D:2      | Killed Robin
  1144 | D:2      | Reached XP level 4. HP: 24/24 MP: 2/11
  1148 | D:2      | Killed Natasha
  1150 | D:2      | Noticed Natasha
  1157 | D:2      | Killed Natasha
  1167 | D:2      | Slain by an adder

Vault maps used:
D:1:      dpeg_arrival_water_temple_mockup
D:2:      okawaru_altar_gauntlet_db, uniq_natasha, uniq_robin

Skill      XL: |  1  2  3  4 |
---------------+-------------+-----
Conjurations   | 2 3 |  3.7
Spellcasting   | 4 |  4.2
Fire Magic     | 4 |  4.1
Dodging        | |  2.4
Stealth        | |  2.4

Action                   |  1- 3 |  4- 6 || total
-------------------------+-------+-------++-------
Melee: Unarmed           |     1 |     1 ||     2
 Cast: Flame Tongue      |    68 |    15 ||    83
       Conjure Flame     |     2 |       ||     2
  Use: Scroll            |     4 |       ||     4
       Potion            |       |     2 ||     2
  Eat: Chunk             |     1 |       ||     1
Armor: Robe              |     4 |     3 ||     7
Dodge: Dodged            |    12 |    12 ||    24

Table legend:
 A = Spawn XP
 B = Non-spawn XP
 C = Spawn XP percentage of total XP
 D = Spawn monster count
 E = Non-spawn monster count
 F = Spawn count percentage of total count
 G = Total turns spent on level
                    A         B        C        D         E        F      G
               +---------+---------+-------+---------+---------+-------+---------
         Total |       0 |     172 |   0.0 |       0 |      38 |   0.0 |  1167
               +---------+---------+-------+---------+---------+-------+---------
           D:1 |       0 |      34 |   0.0 |       0 |      17 |   0.0 |   917
           D:2 |       0 |     138 |   0.0 |       0 |      21 |   0.0 |   250
               +---------+---------+-------+---------+---------+-------+---------
